 Dungeon Crawl Stone Soup version 0.25.0-10-g039870ee82 (webtiles) character file.

Game seed: 17178090748280310387

53 Esekla the Chiller (level 3, 0/31 HPs)
             Began as a Deep Dwarf Ice Elementalist on June 23, 2020.
             Slain by an adder (3 damage)
             ... on level 3 of the Dungeon.
             The game lasted 00:11:34 (988 turns).

Esekla the Chiller (Deep Dwarf Ice Elementalist)     Turns: 988, Time: 00:11:35

Health: 0/31       AC:  2    Str: 11    XL:     3   Next: 64%
Magic:  2/6        EV: 12    Int: 16    God:
Gold:   42         SH:  0    Dex: 13    Spells: 0/7 levels left

rFire    . . .     SeeInvis .   g - +0 short sword
rCold    . . .     Gourm    .   (no shield)
rNeg     . . .     Faith    .   a - +0 robe
rPois    .         Spirit   .   (no helmet)
rElec    .         Reflect  .   (no cloak)
rCorr    .         Harm     .   (no gloves)
MR       .....                  (no boots)
Stlth    ++........             (no amulet)
HPRegen  0.00/turn              (no ring)
MPRegen  0.10/turn              (no ring)

@: lethally poisoned (0 -> 0), non-regenerating
A: damage resistance, heal wounds, sense surroundings 1, no regeneration
a: Heal Wounds


You were on level 3 of the Dungeon.
You were very hungry.

You visited 1 branch of the dungeon, and saw 3 of its levels.

You collected 42 gold pieces.

Inventory:

Hand Weapons
 g - a +0 short sword (weapon)
Armour
 a - a +0 robe (worn)
 b - a +0 buckler
Scrolls
 e - a scroll of identify {unknown}
 h - 2 scrolls of magic mapping {unknown}
Potions
 d - a potion of haste {unknown}
 f - 2 potions of brilliance {unknown}
Comestibles
 c - 2 rations


   Skills:
 * Level 1.0 Fighting
 + Level 2.3 Dodging
 + Level 2.6 Stealth
 * Level 2.9 Spellcasting
 * Level 0.3 Charms
 + Level 3.6 Ice Magic


You couldn't memorise any spells.
You knew the following spells:

 Your Spells              Type           Power        Failure   Level  Hunger
a - Ozocubu's Armour      Chrm/Ice       #.......     26%         3    ###....
c - Freeze                Ice            ##..         4%          1    #......
r - Frozen Ramparts       Ice            ##....       13%         3    ###....

Your spell library contained the following spells:

 Spells                   Type           Power        Failure   Level  Hunger
 Hailstorm                Conj/Ice       #.......     65%         4    #####..
 Summon Ice Beast         Ice/Summ       #.......     65%         4    #####..


Dungeon Overview and Level Annotations

Branches:
Dungeon (3/15)

Altars:
Uskayaw


Innate Abilities, Weirdness & Mutations

You are resistant to damage.
You can heal yourself by infusing magical energy.
You passively map a small area around you.
You do not regenerate.


Message History

The adder closely misses you. The adder bites you.
* * * LOW HITPOINT WARNING * * *
You are poisoned.
The adder poisons you! The adder closely misses you.
You barely miss the adder.
The adder is severely wounded.
The adder bites you.
* * * LOW HITPOINT WARNING * * *
The adder bites you.
* * * LOW HITPOINT WARNING * * *
The adder misses you.
You miss the adder.
The adder is heavily wounded.
The adder closely misses you. The adder barely misses you. The adder bites you.
You barely miss the adder.
The adder is heavily wounded.
The adder closely misses you. The adder bites you.
* * * LOW HITPOINT WARNING * * *
The adder bites you.
You die...

, ..# * #.## * *
###..##* , , #., #S....
,, # #..##.#..#* *
#.#### ###.#........#
#....< .............#
###### ,
......#####..###########
#...S@So....##.†..†..o ,
#...#####...##.####### ,
##. #$..##)# ..., , #
#...##.#...# *
#....o.S.# , * *
#..###.#...# # , * #..#
#.##.## , #... ...,...
##.. ..## ###


You could see 2 adders and an orc.

Vanquished Creatures
  An adder (D:3)
  A worm (D:3)
  3 dart slugs
  A leopard gecko (D:1)
  An orc (D:3)
  A giant cockroach (D:1)
  2 goblins
  3 hobgoblins (D:1)
  3 jackals (D:3)
  2 ball pythons
  3 bats
  2 frilled lizards (D:1)
  7 kobolds (D:1)
  4 rats (D:1)
34 creatures vanquished.

Notes
Turn   | Place    | Note
-------+----------+-------------------------------------------
     0 | D:1      | Esekla the Deep Dwarf Ice Elementalist began the quest for
                  | the Orb.
     0 | D:1      | Reached XP level 1. HP: 15/15 MP: 3/3
   455 | D:1      | Reached XP level 2. HP: 8/24 MP: 1/5
   673 | D:1      | Reached skill level 1 in Fighting
   741 | D:1      | Reached XP level 3. HP: 25/31 MP: 3/5
   773 | D:1      | Learned a level 3 spell: Frozen Ramparts
   777 | D:1      | Learned a level 3 spell: Ozocubu's Armour
   908 | D:3      | Found a hide-covered altar of Uskayaw.
   908 | D:3      | Noticed a +0 hand axe
   908 | D:3      | Noticed a +0 hand axe
   988 | D:3      | Slain by an adder

Illustrated notes

Levels and vault maps discovered:
D:1:      eino_arrival_cavern_e, layout_rooms
D:2:      layout_loops_ring, first_ration, uniq_robin, uniq_natasha,
          uniq_crazy_yiuf_cottage
D:3:      layout_loops_ring, dancing_weapons_uskayaw, uniq_grinder, uniq_jessica

Skill      XL: |  1  2 |
---------------+-------+-----
Spellcasting   | 2 |  2.9
Fighting       | 1 |  1.0
Dodging        | |  2.3
Stealth        | |  2.6
Charms         | |  0.3
Ice Magic      | |  3.6

Action                   || total
-------------------------++-------
Melee: Club              ||    27
       Short sword       ||    47
 Cast: Freeze            ||    24
       Frozen Ramparts   ||     2
 Abil: Heal Wounds       ||     1
 Stab: Sleeping          ||     2
Armor: Robe              ||    19
Dodge: Dodged            ||    73
